 Dungeon Crawl Stone Soup version 0.19-a0-1111-gcceb26a (webtiles) character file.

218 epen the Shooter (level 5, 0/36 HPs)
             Began as a High Elf Hunter on Aug 11, 2016.
             Was an Initiate of Ru.
             Slain by Edmund
             ... wielding a +0 flail of draining
              (8 damage)
             ... on level 4 of the Dungeon.
             The game lasted 00:06:34 (2905 turns).

epen the Shooter (High Elf Hunter)                  Turns: 2905, Time: 00:06:35

Health: 0/36       AC:  5    Str: 11    XL:     5   Next: 63%
Magic:  6/6        EV: 11    Int: 15    God:    Ru [......]
Gold:   182        SH:  0    Dex: 16    Spells: 0 memorised, 4 levels left

rFire  + . .     SeeInvis .     a - +1 shortbow
rCold  . . .     Gourm    .     c - +0 leather armour
rNeg   . . .     Faith    .     (shield currently unavailable)
rPois  .         Spirit   .     t - +0 helmet (curse)
rElec  .         Dismiss  .     (no cloak)
rCorr  .         Reflect  .     (no gloves)
SustAt .         Harm     .     l - +0 pair of boots
MR     .....                    (no amulet)
Stlth  +.........               (no ring)
                                s - ring of protection from fire

@: heavily drained
A: no striking features
a: Renounce Religion


You were on level 4 of the Dungeon.
You worshipped Ru.
Ru was noncommittal.
You were not hungry.

You visited 1 branch of the dungeon, and saw 4 of its levels.

You collected 182 gold pieces.

Inventory:

Hand Weapons
 a - a +1 shortbow (weapon)
 b - a +0 short sword
 j - a +3 spear of piercing
Missiles
 d - 40 arrows (quivered)
Armour
 c - a +0 leather armour (worn)
 l - a +0 pair of boots (worn)
 t - a cursed +0 helmet (worn)
Jewellery
 s - a ring of protection from fire (left hand)
 w - an uncursed ring of ice
Scrolls
 e - 2 scrolls of identify {unknown}
 m - 2 scrolls of remove curse {unknown}
 n - 2 scrolls of magic mapping {unknown}
 o - a scroll of fog {unknown}
 p - a scroll of teleportation {unknown}
 q - a scroll of recharging {unknown}
 u - a scroll of noise {unknown}
 y - a scroll of random uselessness {unknown}
 z - a scroll of blinking {unknown}
Potions
 g - a potion of heal wounds
 i - 2 potions of haste {unknown}
 k - a potion of curing {unknown}
 v - a potion of cure mutation {unknown}
Comestibles
 f - 5 bread rations
 h - a royal jelly
 r - a slice of pizza
 x - 3 chunks of flesh


   Skills:
 + Level 2.8(0.6) Fighting
 + Level 2.4(0.2) Short Blades
 * Level 6.8(4.3) Bows
 + Level 3.4(1.2) Dodging
 + Level 2.8(0.5) Stealth


You had 4 spell levels left.
You didn't know any spells.

Dungeon Overview and Level Annotations

Branches:
Dungeon (4/15)
 Temple: D:4-7

Altars:
Nemelex Xobeh
Ru

Annotations:
D:4 Edmund


Message History

Firing (i - inventory):
d - 42 arrows (quivered)
Press: ? - help, Shift-Dir - straight line, f/p - Edmund
Aim: Edmund, wielding a flail of draining and wearing a chain mail (severely wounded)
You shoot an arrow. The arrow hits Edmund!
Edmund is almost dead.
The orc wizard casts a spell.
The orc wizard blinks!
Edmund barely misses you.
The orc wizard gestures wildly while chanting.
The orc wizard blinks!
The orc wizard miscasts a cantrip.
Firing (i - inventory):
d - 41 arrows (quivered)
Press: ? - help, Shift-Dir - straight line, f/p - Edmund
Aim: Edmund, wielding a flail of draining and wearing a chain mail (almost dead)
You shoot an arrow.
The arrow hits Edmund but does no damage.
Edmund is almost dead.
The orc wizard hits you with a dagger.
* * * LOW HITPOINT WARNING * * *
Edmund hits you with a flail of draining!
You die...

........##.#
........##.#
........##>#
........##.#######
.............o..(#
........##.#####ยง#
........##.# #o#
.........o.# #@#
.......o#### #@#
###.#.### #o### #
#)# #...# #.# ###.#
#.# #.# ... #.#
###.# #.# . .# #.#
. ..# #. #.#


You could see Edmund and 2 orc wizards.

Vanquished Creatures
  The ghost of Aquadorian the Skirmisher, an amateur DsBe of Trog (D:3)
  An orc wizard (D:4)
  A hound skeleton (D:4)
  2 adders
  A howler monkey skeleton (D:4)
  2 worms
  5 giant geckos
  2 orcs (D:4)
  3 giant cockroaches
  4 hobgoblins
  2 ball pythons
  3 bats
  8 giant newts
  8 goblins
  6 kobolds
  6 rats
55 creatures vanquished.

Notes
Turn   | Place    | Note
-------+----------+-------------------------------------------
     0 | D:1      | epen the High Elf Hunter began the quest for the Orb.
     0 | D:1      | Reached XP level 1. HP: 14/14 MP: 2/2
   625 | D:1      | Reached XP level 2. HP: 15/19 MP: 3/3
  1025 | D:2      | Found a sacrificial altar of Ru.
  1036 | D:2      | Reached skill level 1 in Short Blades
  1044 | D:2      | Reached XP level 3. HP: 16/24 MP: 4/4
  1138 | D:2      | Became a worshipper of Ru the Awakened
  1464 | D:2      | Reached skill level 6 in Bows
  1642 | D:3      | Noticed Aquadorian's ghost (amateur DsBe)
  2015 | D:3      | Found a faded altar of an unknown god.
  2048 | D:3      | Found a sparkling altar of Nemelex Xobeh.
  2276 | D:3      | Reached XP level 4. HP: 17/30 MP: 5/5
  2525 | D:3      | Killed Aquadorian's ghost
  2525 | D:3      | Reached XP level 5. HP: 27/35 MP: 6/6
  2863 | D:4      | Noticed Edmund
  2905 | D:4      | Slain by Edmund

Vault maps used:
D:1:      dpeg_arrival_pits
D:2:      nicolae_ru_awakened_eye, minmay_lizard_king
D:3:      ecumenical_altar_1, nemelex_xobeh_ov_fountains_minmay
D:4:      first_bread, dk_noncrumbling_4, minmay_surrounded, uniq_blork_the_orc,
          uniq_natasha, uniq_crazy_yiuf_cottage, uniq_edmund

Skill      XL: |  1  2  3  4 |
---------------+-------------+-----
Short Blades   | 1 2 |  2.4
Bows           | 6 |  6.8
Dodging        | 3 |  3.4
Stealth        | 2 |  2.8
Fighting       | |  2.8

Action                   |  1- 3 |  4- 6 || total
-------------------------+-------+-------++-------
Melee: Short sword       |    20 |       ||    20
       Spear             |   114 |    21 ||   135
 Fire: Shortbow          |     5 |    28 ||    33
Invok: Reject Sacrifices |       |     1 ||     1
  Use: Potion            |     1 |       ||     1
 Stab: Sleeping          |     2 |     1 ||     3
  Eat: Chunk             |     4 |     2 ||     6
Armor: Leather armour    |    29 |    16 ||    45
Dodge: Dodged            |    69 |    22 ||    91
